 Dungeon Sprint DCSS version 0.30-a0-777-ga9a30cbeda (webtiles) character file.

Game seed: 17307052083337234507

4 Hubris850 the Insei (level 1, 0/15 HPs)
             Began as a Merfolk Transmuter on Feb 13, 2023.
             Was an Initiate of Nemelex Xobeh.
             Slain by an orc
             ... wielding a +0 flail
              (6 damage)
             ... while paralysed by a floating eye
             ... in the Dungeon (Sprint VII: "The Pits").
             The game lasted 00:00:47 (180 turns).

Hubris850 the Insei (Merfolk Transmuter)             Turns: 180, Time: 00:00:48

Health: 0/15       AC:  2    Str: 10    XL:     1   Next: 70%
Magic:  3/3        EV:  2    Int: 12    God:    Nemelex Xobeh [......]
Gold:   0          SH:  0    Dex: 14    Spells: 3/4 levels left

rFire   . . .      SeeInvis .      - Unarmed
rCold   . . .      Faith    .    (no shield)
rNeg    . . .      Spirit   .    a - +0 robe
rPois   .          Reflect  .    (no helmet)
rElec   .          Harm     .    (no cloak)
rCorr   .          Rampage  .    (no gloves)
Will    .....      NoTele   +    (no boots)
Stlth   +                        (no amulet)
HPRegen 0.22/turn                (no ring)
MPRegen 0.08/turn                (no ring)

@: paralysed
A: (nimble swimmer 2), mertail
a: Renounce Religion, Draw Escape, Draw Destruction, Draw Summoning


You were in the Dungeon.
You worshipped Nemelex Xobeh.
Nemelex Xobeh was noncommittal.
You visited 1 branch

Inventory:

Armour
 a - a +0 robe (worn)
Scrolls
 h - a scroll of blinking
 j - 5 scrolls of amnesia
 k - a scroll of butterflies
Potions
 b - a potion of lignification
 c - a potion of curing
 d - a potion of heal wounds
 e - a potion of haste
 f - 4 potions of magic
 g - 2 potions of berserk rage
 i - 2 potions of invisibility


   Skills:
 - Level 1.1 Fighting
 - Level 2.6 Dodging
 + Level 5.0 Unarmed Combat
 - Level 2.0 Spellcasting
 - Level 2.6 Transmutations


You had 3 spell levels left.
You knew the following spells:

 Your Spells              Type           Power      Damage    Failure   Level
a - Beastly Appendage     Tmut           14%        N/A       9%          1

Your spell library contained the following spells:

 Spells                   Type           Power      Damage    Failure   Level
 Wereblood                Tmut           7%         N/A       14%         2
 Spider Form              Tmut/Pois      4%         N/A       43%         3
 Ice Form                 Ice/Tmut       4%         N/A       83%         4


Dungeon Overview and Level Annotations

Branches:
Dungeon (1/1)

Altars:
Ashenzari
Cheibriados
Dithmenos
Elyvilon
Fedhas
Gozag
Hepliaklqana
Kikubaaqudgha
Makhleb
Nemelex Xobeh
Okawaru
Qazlal
Ru
Sif Muna
Trog
Uskayaw
Vehumet
Wu Jian
Xom
Yredelemnul
Zin
The Shining One
Jiyva
Lugonu


Innate Abilities, Weirdness & Mutations

((You are very nimble when in or above water. (Stealth+, EV+, Speed+++)))
Your lower body shifts to a powerful aquatic tail in water.


Message History

There is a glowing silver altar of Zin here.
There is a glowing golden altar of the Shining One here.
There is an open door to the Temple (Safe) here.
You start waiting.
Done waiting.
You grow a pair of large bovine horns.
You open the door.
A rat comes into view.
You barely miss the rat. The rat bites you but does no damage.
You closely miss the rat. The rat barely misses you.
You closely miss the rat. The rat misses you.
You closely miss the rat. The rat barely misses you.
You hit the rat but do no damage.
Your transformation is almost over.
The rat bites you but does no damage.
You closely miss the rat. The rat barely misses you.
You hit the rat.
You kill the rat!
Your Unarmed Combat skill increases to level 5!
There is an open door here.
You see here a rat corpse.
As you open the door, it creaks loudly!
An orc and a floating eye come into view.
The orc shouts!
The floating eye turns its gaze towards you.
The floating eye seems to glare at you.
You hit the orc but do no damage. The orc barely misses you.
You closely miss the orc. You headbutt the orc, but do no damage.
The orc barely misses you.
You hit the orc. Your headbutt misses the orc.
The orc is heavily wounded.
You closely miss the orc. Your headbutt misses the orc.
The orc is heavily wounded.
The floating eye gazes piercingly through you!
You suddenly lose the ability to move!
The orc hits you with a +0 flail!
Ouch! That really hurt!
Your horns disappear.
The orc hits you with a +0 flail.
You die...
Your body disappears without a glow.

#_________.#
#_______...###########++
##########'##...........
#.?(.')))'.##......#..#
##########.##..........
#.........†.†...........
+#####†#####......#..#.
#..#..##...........
+.@oG.#####'#####+
####+###.......#
#.......# #.......#
#...<...# #.......#
#.......# #.......#
#########


You could see a floating eye and an orc.

Vanquished Creatures
  3 jackals (D)
  A rat (D)
4 creatures vanquished.

Notes
Turn   | Place    | Note
-------+----------+-------------------------------------------
     0 | D        | Hubris850 the Merfolk Transmuter began the quest for the
                  | Orb.
     0 | D        | Reached XP level 1. HP: 15/15 MP: 3/3
    11 | D        | Reached skill level 4 in Unarmed Combat
    44 | D        | Found a glowing golden altar of the Shining One.
    44 | D        | Found a glowing silver altar of Zin.
    44 | D        | Found a basalt altar of Yredelemnul.
    44 | D        | Found a shimmering altar of Xom.
    44 | D        | Found an ornate altar of the Wu Jian Council.
    44 | D        | Found a bloodstained altar of Trog.
    44 | D        | Found a shimmering blue altar of Sif Muna.
    44 | D        | Found a sacrificial altar of Ru.
    44 | D        | Found a stormy altar of Qazlal.
    44 | D        | Found an iron altar of Okawaru.
    44 | D        | Found a sparkling altar of Nemelex Xobeh.
    44 | D        | Found a burning altar of Makhleb.
    44 | D        | Found a viscous altar of Jiyva.
    44 | D        | Found a hazy altar of Hepliaklqana.
    44 | D        | Found an opulent altar of Gozag.
    44 | D        | Found a blossoming altar of Fedhas.
    44 | D        | Found a white marble altar of Elyvilon.
    44 | D        | Found a shadowy altar of Dithmenos.
    44 | D        | Found a snail-covered altar of Cheibriados.
    45 | D        | Found a radiant altar of Vehumet.
    45 | D        | Found a corrupted altar of Lugonu.
    46 | D        | Found an ancient bone altar of Kikubaaqudgha.
    46 | D        | Found a hide-covered altar of Uskayaw.
    46 | D        | Found a broken altar of Ashenzari.
    51 | D        | Became a worshipper of Nemelex Xobeh the Trickster
   172 | D        | Reached skill level 5 in Unarmed Combat
   175 | D        | Noticed a floating eye
   179 | D        | Paralysed by a floating eye for 4 turns
   180 | D        | Slain by an orc

Illustrated notes

Levels and vault maps discovered:
D:        pitsprint [storerooms_1, entrance_room_1, metal_vault_4, armoury_2,
          mini_pit_1, grid_room_1, main_hall_1, silver_pit, the_coven_3,
          the_vestibule_1, steel_vault_5, golden_pit, hallway_of_sentries,
          crystal_vault_3, iron_vault_5, final_vault]

Skill      XL: |  1 |
---------------+----+-----
Unarmed Combat | 5 |  5.0
Fighting       | |  1.1
Dodging        | |  2.6
Spellcasting   | |  2.0
Transmutations | |  2.6

Action                     || total
---------------------------++-------
  Melee: Unarmed           ||    19
         Headbutt          ||     1
   Cast: Beastly Appendage ||     1
    Use: Potion            ||     1
 Armour: Robe              ||     4
  Dodge: Dodged            ||     8

Table legend: (Time is in decaauts)
 A = Elapsed time spent in this place.
 B = Non-inter-level travel time spent in this place.
 C = Inter-level travel time spent in this place.
 D = Time resting spent in this place.
 E = Time spent auto-exploring this place.
 F = Levels seen in this place.
 G = Mean time per level.
                   A        B        C        D        E       F      G
               +--------+--------+--------+--------+--------+-----+--------+
         Total |    182 |    182 |      0 |    100 |      0 |   1 |  182.0 |
       Dungeon |    182 |    182 |      0 |    100 |      0 |   1 |  182.0 |
               +--------+--------+--------+--------+--------+-----+--------+

Top non-repeatable levels by time:
       D: 182 daAuts
